cohdb
Replays
Latest Replays
All Replays
Popular Replays
Top Player Replays
Match Explorer
How It Works
Community
CoH3 Stats
Reddit
Sign in to upload your games and track your stats! →
Sign in with Steam
Match 37949308
Unlisted
Match 37949308
Overview
Messages
Build Orders
End
Royal Engineer Section
Construct Section Command Post
Infantry Section
Infantry Section
ML 3-inch Mortar Team
Infantry Section
Construct Platoon Command Post
Humber Armored Car
Construct Field Infirmary
6-pounder Anti-tank Gun Team
Selects Indian Artillery Battlegroup
Selects War Cry
Selects Gurkha Rifles Section
Gurkha Rifles Section
Selects Volunteer Infantry
Construct Company Command Post
Selects Towed ML 4.2-inch Heavy Mortar
Unlock M3 Grant Medium Tanks
M3 Grant Medium Tank
Selects Off-map Airburst Barrage
M3 Grant Medium Tank
Foot Guards Section
STALKER4732
kit.ohume
Devochkin
十_Fck
leonidas
FartNoise
0
0
Comments
sign in to comment!
No comments posted yet!